 Dungeon Crawl Stone Soup version 0.19.5 (webtiles) character file.

219 Gargoyl the Skirmisher (level 5, 0/46 HPs)
             Began as a Ghoul Abyssal Knight on May 24, 2017.
             Was a Believer of Lugonu.
             Slain by a crimson imp (2 damage)
             ... summoned by Natasha
             ... on level 3 of the Dungeon.
             The game lasted 00:06:50 (2179 turns).

Gargoyl the Skirmisher (Ghoul Abyssal Knight)       Turns: 2179, Time: 00:06:52

Health: 0/46       AC: 11    Str: 16    XL:     5   Next: 96%
Magic:  6/6        EV:  6    Int:  7    God:    Lugonu [**....]
Gold:   147        SH:  2    Dex:  9    Spells: 0 memorised, 4 levels left

rFire  . . .     SeeInvis .     k - +0 war axe
rCold  + . .     Gourm    .     h - +0 chain mail
rNeg   + + +     Faith    .     o - +0 buckler
rPois  ∞         Spirit   .     p - +0 helmet
rElec  .         Reflect  .     (no cloak)
rCorr  .         Harm     .     e - +0 pair of gloves
MR     .....                    (no boots)
Stlth  ..........               (no amulet)
                                (no ring)
                                (no ring)

@: rotting, slowed, very slow
A: rotting body, claws 1, carnivore 3, cold resistance 1, negative energy
resistance 3, slow regeneration 1, torment resistance, unbreathing
a: Depart the Abyss, Bend Space, Renounce Religion


You were on level 3 of the Dungeon.
You worshipped Lugonu.
Lugonu was pleased with you.
You were not hungry.

You visited 1 branch of the dungeon, and saw 3 of its levels.
You visited the Abyss 1 time.

You collected 147 gold pieces.

Inventory:

Hand Weapons
 a - a +2 hand axe
 k - a +0 war axe (weapon)
Armour
 e - a +0 pair of gloves (worn)
 h - a +0 chain mail (worn)
 o - a +0 buckler (worn)
 p - a +0 helmet (worn)
Scrolls
 d - 3 scrolls of remove curse
 l - a scroll of identify {unknown}
Potions
 b - 2 potions of might {unknown}
 f - a potion of heal wounds {unknown}
 g - a potion of cure mutation {unknown}
 j - a potion of curing
Comestibles
 c - a meat ration
 i - 2 chunks of flesh


   Skills:
 + Level 4.1 Fighting
 + Level 3.2 Axes
 * Level 3.4 Armour
 + Level 1.1 Dodging
 * Level 3.2 Invocations


You had 4 spell levels left.
You didn't know any spells.

Dungeon Overview and Level Annotations

Branches:
Dungeon (3/15)

Altars:

Annotations:
D:3 Natasha


Innate Abilities, Weirdness & Mutations

Your body is rotting away.
You thrive on raw meat.
You are immune to poison.
You have sharp fingernails.
You are carnivorous and can eat meat at any time.
Your flesh is cold resistant. (rC+)
You are immune to negative energy. (rN+++)
You regenerate slowly when monsters are visible.
You are immune to unholy pain and torment.
You can survive without breathing.


Message History

* * * LOW HITPOINT WARNING * * *
The crimson imp barely misses you.
Natasha stares at you and mumbles some strange words.
You feel as though you will be slow longer.
The crimson imp blinks!
Eat one of 3 chunks of flesh? (ye/n/q)
You start eating one of the 3 chunks of flesh.
Natasha claws you but does no damage.
The crimson imp hits you but does no damage.
Natasha claws you.
* * * LOW HITPOINT WARNING * * *
This raw flesh tastes great!
Eat one of 2 chunks of flesh? (ye/n/q)
You start eating one of the 2 chunks of flesh.
Natasha claws you.
* * * LOW HITPOINT WARNING * * *
You block the crimson imp's attack. Natasha claws you.
* * * LOW HITPOINT WARNING * * *
The crimson imp hits you.
You die...

######.......#
##......).....#
##########........[....####
#.......##........÷........
#......[)..%.............##
#......)..................#
.......).....##.....[.....#
..#####......##...........#
. #...5@.#####........#
#....h.# #........#
#5.....# ##.##+.#.#
.........# ...#####.. ...
#... .# ..l ....


You could see Natasha, 2 crimson imps and a leopard gecko (wandering).

Vanquished Creatures
  An orc priest (D:3)
  Natasha (twice) (D:3)
  Robin (D:2)
  6 adders
  A worm (D:3)
  2 dart slugs (D:1)
  4 orcs (D:3)
  2 ball pythons
  3 giant cockroaches
  14 goblins
  11 hobgoblins
  6 kobolds
  3 bats
  2 frilled lizards
  9 rats
67 creatures vanquished.

Notes
Turn   | Place    | Note
-------+----------+-------------------------------------------
     0 | Abyss:1  | Gargoyl the Ghoul Abyssal Knight began the quest for the Orb.
     0 | Abyss:1  | Reached XP level 1. HP: 19/19 MP: 1/1
    77 | Abyss:2  | Noticed a neqoxec
    78 | D:1      | Escaped the Abyss
   219 | D:1      | Reached * piety under Lugonu
   455 | D:1      | Reached XP level 2. HP: 25/25 MP: 2/2
   717 | D:1      | Reached XP level 3. HP: 28/31 MP: 3/3
  1517 | D:2      | Reached XP level 4. HP: 40/40 MP: 4/4
  1633 | D:2      | Noticed Robin
  1644 | D:2      | Killed Robin
  1661 | D:2      | Reached ** piety under Lugonu
  1661 | D:2      | Reached skill level 4 in Fighting
  1950 | D:3      | Reached XP level 5. HP: 39/46 MP: 6/6
  2034 | D:3      | Noticed Natasha
  2046 | D:3      | Killed Natasha
  2094 | D:3      | Reached skill level 1 in Dodging
  2111 | D:3      | Noticed Natasha
  2143 | D:3      | Killed Natasha
  2166 | D:3      | Noticed Natasha
  2179 | D:3      | HP: 2/46 [Natasha (6)]
  2179 | D:3      | Slain by a crimson imp

Skill      XL: |  1  2  3  4  5 |
---------------+----------------+-----
Armour         | 2 3 |  3.4
Axes           | 2 3 |  3.2
Fighting       | 4 |  4.1
Dodging        | 1 |  1.1
Invocations    | 3 |  3.2

Action                   |  1- 3 |  4- 6 || total
-------------------------+-------+-------++-------
Melee: Hand axe          |   100 |    69 ||   169
       War axe           |       |    73 ||    73
Invok: Depart the Abyss  |     1 |       ||     1
  Use: Scroll            |     1 |     4 ||     5
  Eat: Chunk             |    15 |    35 ||    50
Armor: Chain mail        |    89 |   147 ||   236
       Leather armour    |     1 |       ||     1
Dodge: Dodged            |    39 |    65 ||   104
Block: Buckler           |       |    16 ||    16
